[Event "Late-Titled-Tuesday-Blitz-October-24-2023"]
[Site "Chess.com"]
[Date "2023.10.24"]
[Round "6"]
[White "ellatambien"]
[Black "ContrVersia"]
[Result "0-1"]
[WhiteElo "2646"]
[BlackElo "2874"]
[TimeControl "180+1"]
[EndTime "15:07:38 PDT"]
[Termination "ContrVersia won by checkmate"]

1. e4 c5 2. c3 a6 3. d4 cxd4 4.
cxd4 d5 5. exd5 Nf6 6. Nc3 Nxd5 7. Bd3 Nc6 8. Be4 Be6 9. Nf3 Nxc3 10. bxc3 Bd5 11.
Qe2 e6 12. O-O Be7 13. c4 Bxe4 14. Qxe4 Bf6 15. Rd1 O-O 16. Rb1 Qd7 17. Bg5 Rfe8 18. Bxf6 gxf6 19. Rb3 f5 20. Qf4 f6 21. d5 Ne7 22.
Rbd3 e5 23. Qg3+ Ng6 24. Nd2 e4 25. Rb3 f4 26. Qh3 Qxh3 27. Rxh3 f5 28. Rc3 Rad8 29. Nb3 e3 30. Re1 b5 31. fxe3 bxc4 32. Rxc4 Rxd5 33. e4 Rde5 34. Nd2 Kg7 35. Kf2 Kh6 36. Kf3 Kg5 37. g3 fxg3 38. hxg3 h5 39. Kf2 Kh6 40. Kf3 a5 41.
Rh1 fxe4+ 42. Rxe4 Rf5+ 43. Ke3 Rc8 44. Nc4 Rfc5 45.
Nd6 R8c6 46. Rd1 Rc3+ 47. Ke2 Rc2+ 48. Ke3 Rxa2 49. Nf7+ Kg7 50. Rd7 Ra3+ 51. Ke2 Nf8 52. Ra7 Kf6 53. Ne5 Rc2+ 54. Kd1 Rb2 55. Kc1 Rg2 56. Kb1 Raxg3 57. Rf7+ Ke6 58. Rxf8 Rb3+ 59. Kc1 Kd5 60. Rff4 Rh3 61. Nd3 Rxd3 62. Re3 Rxe3 63. Ra4 Re1# 0-1

[Event "Late-Titled-Tuesday-Blitz-October-24-2023"]
[Site "Chess.com"]
[Date "2023.10.24"]
[Round "6"]
[White "mishanick"]
[Black "Witik"]
[Result "1/2-1/2"]
[WhiteElo "3048"]
[BlackElo "2806"]
[TimeControl "180+1"]
[EndTime "15:07:39 PDT"]
[Termination "Game drawn - insufficient material"]

1. c4 Nf6 2. Nc3 g6 3. e4 d6 4. d4 Bg7 5. Bd3 O-O 6. Nge2 e5 7. d5 a5 8. f3 Nh5 9. Be3 Nd7 10. Qd2 Nc5 11. Bc2 f5 12. exf5 gxf5 13. O-O-O Bd7 14. g4 fxg4 15. fxg4 Nf4 16. Nxf4 exf4 17. Bxc5 dxc5 18. Qd3 Qh4 19. Ne4 Bd4 20. h3 f3 21. Rdf1 f2 22. Kb1 Rae8 23. Qd2 b5 24. Qxa5 bxc4 25. Qxc7 Qd8 26. Qxd8 Rxd8 27. g5 Rb8 28. Nf6+ Rxf6 29.
gxf6 Rxb2+ 30. Kc1 Rxa2 31. Kd1 c3 32. d6 Kf8 33.
Bxh7 Ba4+ 34. Kc1 c2 35. Kd2 Bb3 36. d7 Bxf6 37. Ke3 Ke7 38. Rxf2 Bg5+ 39. Ke4 Kxd7 40. Rff1 Rb2 41. Bf5+ Kd6 42. h4 Bd5+ 43. Kd3 Bxh1 44.
hxg5 Rb1 45. Rxh1 Rxh1 46. Kxc2 Rg1 47. g6 Ke5 48. Bd3 Kd4 49. Bf5 c4 50. Kd2 Rg2+ 51. Kc1 Kc3 52. Kb1 Rg1+ 53. Ka2 Kd2 54. Kb2 c3+ 55.
Kb3 Rg5 56. Be4 Rb5+ 57. Kc4 Rb8 58. Kd5 Rg8 59. Ke5 Re8+ 60. Kf4 Rf8+ 61. Kg5 Re8 62.
g7 Rd8 63. Bh7 c2 64. Bxc2 Kxc2 65. Kh6 Kd3 66. Kh7 Ke4 67. g8=Q Rxg8 68. Kxg8 1/2-1/2

[Event "Late-Titled-Tuesday-Blitz-October-24-2023"]
[Site "Chess.com"]
[Date "2023.10.24"]
[Round "6"]
[White "pooh2012"]
[Black "Krakozia"]
[Result "0-1"]
[WhiteElo "2482"]
[BlackElo "2931"]
[TimeControl "180+1"]
[EndTime "15:07:48 PDT"]
[Termination "Krakozia won by resignation"]

1. d4 Nf6 2. Bf4 c5 3. e3 g6 4. c3 Bg7 5. h3 cxd4 6. exd4 O-O 7. Nf3 d6 8. Be2 Nd5 9. Bh2 Nc6 10. O-O e5 11.
dxe5 dxe5 12. Nbd2 Qc7 13. Re1 Rd8 14. Bb5 f6 15. Qa4 Be6 16. Ne4 Qb6 17. Rad1 Nce7 18. c4 Nc7 19. Bd7 Qa6 20. Qxa6 bxa6 21. Bxe6+ Nxe6 22. Nc3 Nc6 23. Nd5 Kf7 24. b3 a5 25. Nd2 f5 26.
Nb1 e4 27. Nbc3 Nb4 28. Nb5 Nd3 29. Nd6+ Rxd6 30. Bxd6 Nxe1 31. Rxe1 Bd4 32. Rd1 Rc8 33. Kf1 a4 34. g3 Rc6 35. Bb4 axb3 36. axb3 Ra6 37.
Bc3 Bxc3 38. Nxc3 Ra3 39. Rd7+ Kf6 40. Nd5+ Ke5 41. b4 g5 42. Rxh7 f4 43. gxf4+ gxf4 44. Rh5+ Kd4 45. Rf5 f3 46. Kg1 Ra1+ 47. Kh2 Rf1 48. Kg3 Rg1+ 49. Kh4 Kxc4 50. Nf6 Kd3 51. Rd5+ Nd4 52. Ng4 Kc3 53. Re5 Re1 54. b5 Kc4 55.
Kg5 Nxb5 56. h4 Nc3 57. Ne3+ Rxe3 58. fxe3 Kd3 59. Rf5 Nd1 60. h5 Nxe3 61. Rf8 Nc4 62. h6 e3 63. Rxf3 Ne5 64. Rg3 Kd2 65. Kf6 e2 66.
Rg2 Ng4+ 67. Kg5 Nxh6 68. Kxh6 a5 69. Kg5 a4 70. Kf4 Kd1 71. Rg1+ e1=Q 72. Rxe1+ Kxe1 0-1

[Event "Late-Titled-Tuesday-Blitz-October-24-2023"]
[Site "Chess.com"]
[Date "2023.10.24"]
[Round "6"]
[White "rychessmaster1"]
[Black "Vamostodorecto"]
[Result "1/2-1/2"]
[WhiteElo "2686"]
[BlackElo "2460"]
[TimeControl "180+1"]
[EndTime "15:07:48 PDT"]
[Termination "Game drawn by repetition"]

1. d4 d5 2. c4 e5 3. dxe5 Ne7 4.
cxd5 Qxd5 5. Qxd5 Nxd5 6. Bd2 Nc6 7. Nc3 Be6 8. Nxd5 Bxd5 9. Nf3 h6 10. a3 g5 11. Bc3 Bg7 12. O-O-O O-O-O 13. e3 Bb3 14. Rxd8+ Rxd8 15. Be2 g4 16. Nd4 Nxd4 17. exd4 h5 18. h3 Bh6+ 19. Kb1 c5 20. dxc5 Bd2 21. Bd1 Be6 22. Bxd2 Rxd2 23. hxg4 hxg4 24. f3 g3 25. Rg1 Bf5+ 26. Kc1 Rf2 27. Bb3 Bd3 28. Bxf7 Kd7 29.
Bd5 Rc2+ 30. Kd1 Rxb2 31. Re1 Rxg2 32. e6+ Ke7 33. f4 Rf2 34. Bxb7 g2 35. Bxg2 Rxg2 36.
Re3 Bb5 37. Re4 Rf2 38. a4 Bc6 39. Rb4 Kxe6 40. Ke1 Ra2 41. Kd1 Rxa4 42. Rb8 Rxf4 43. Kd2 Rc4 44. Kd3 Rxc5 45. Kd4 Rd5+ 46. Kc4 Ra5 47.
Rh8 Kd6 48. Rh6+ Kc7 49. Rh7+ Kb6 50. Rh6 Ra4+ 51. Kb3 Rg4 52. Rh3 a5 53. Re3 Rf4 54. Ka3 Kb5 55. Rb3+ Ka6 56. Rc3 Kb6 57. Rb3+ Bb5 58.
Re3 Ra4+ 59. Kb3 Rb4+ 60. Ka3 Rc4 61. Rh3 a4 62. Rg3 Ka5 63. Rh3 Rc1 64. Kb2 Rg1 65.
Ka3 Ra1+ 66. Kb2 Rf1 67. Ka3 Rf4 68. Rg3 Rb4 69. Rh3 Rc4 70. Rg3 Rc7 71. Rh3 Rb7 72. Rg3 Bc4 73. Rg5+ Bb5 74. Rg3 Rb6 75. Rh3 Rc6 76.
Rg3 Rc4 77. Rh3 Rd4 78. Rg3 Bd3 79. Rg5+ Bb5 80. Rg3 Rc4 1/2-1/2

[Event "Late-Titled-Tuesday-Blitz-October-24-2023"]
[Site "Chess.com"]
[Date "2023.10.24"]
[Round "6"]
[White "Inepton_Fermion"]
[Black "scandalgod"]
[Result "0-1"]
[WhiteElo "2356"]
[BlackElo "2514"]
[TimeControl "180+1"]
[EndTime "15:07:56 PDT"]
[Termination "scandalgod won on time"]

1. Nf3 d5 2. b3 Bf5 3. Bb2 e6 4.
g3 Nf6 5. Bg2 Be7 6. O-O h6 7.
d3 O-O 8. Nbd2 Bh7 9. Qe1 c5 10. e4 Nc6 11. Ne5 Rc8 12. Nxc6 Rxc6 13. Qe2 Re8 14. a4 Qa5 15. Rfe1 Rcc8 16. Rad1 Red8 17. exd5 Nxd5 18. Nc4 Qa6 19. Qg4 Bf8 20. h4 Bf5 21. Qf3 Qc6 22. Ne5 Qc7 23. h5 Bd6 24. Nc4 Bf8 25. Ne5 Qe7 26. Nc4 Qg5 27. Bc1 Qg4 28. Ne5 Qxf3 29. Bxf3 a6 30. c4 Nb4 31.
Bxb7 Rb8 32. Be4 Bxe4 33. dxe4 Nc2 34. Nc6 Rxd1 35. Rxd1 Rc8 36. Ne5 Nd4 37. Be3 Nxb3 38. Rd3 Na5 39. Nd7 Nxc4 40. Rc3 Nxe3 41. Rxe3 c4 42.
Rc3 Bb4 43. Rc2 a5 44. Nb6 Rd8 45. Nxc4 Rd4 46. f3 Bc5 47. Kg2 Rd1 48. Nxa5 Be3 49.
Nc4 Bd4 50. Ra2 Rg1+ 51. Kh2 Rc1 52. Nd2 Ba7 53. a5 Rc5 54. a6 Rxh5+ 55. Kg2 Rb5 56.
Nc4 f5 57. exf5 exf5 58. Nd6 Rb8 59. Nxf5 Kh7 60. Nd6 Ra8 61. Ne4 Bb6 62. Kf1 Rc8 63. Ke2 Ra8 64. Kd3 Ba7 65. Kc4 Rc8+ 66. Kd5 Rb8 67. Kc6 Rb3 68. Nd6 Rxf3 69. Nb5 Bg1 70. Kd5 Rxg3 71. Nd4 Rg5+ 72. Ke4 Rg4+ 73. Kf3 Bxd4 74.
Kxg4 Kg6 0-1

[Event "Late-Titled-Tuesday-Blitz-October-24-2023"]
[Site "Chess.com"]
[Date "2023.10.24"]
[Round "6"]
[White "Duhless"]
[Black "vugarrasulov"]
[Result "1-0"]
[WhiteElo "3126"]
[BlackElo "3004"]
[TimeControl "180+1"]
[EndTime "15:07:57 PDT"]
[Termination "Duhless won by resignation"]

1. d4 Nf6 2. Nf3 e6 3. c4 c5 4.
d5 exd5 5. cxd5 d6 6. Nc3 g6 7.
Nd2 Bg7 8. e4 O-O 9. Be2 Na6 10.
O-O Nc7 11. a4 Re8 12. f3 Nd7 13. Nc4 Ne5 14. Ne3 Rb8 15. Kh1 Nd7 16. f4 Bxc3 17.
bxc3 Rxe4 18. Bd3 Rxe3 19. Bxe3 Nxd5 20. Bd2 N7f6 21. f5 c4 22. fxg6 hxg6 23. Bxc4 Be6 24. Bg5 Qc7 25. Qd4 Rc8 26. Ba2 Nh7 27. Bd2 Qc5 28.
Qh4 Nc7 29. Bb1 Qc4 30. Qf2 Nd5 31. Ba2 Qg4 32. Rae1 Nhf6 33. c4 Ne4 34. Rxe4 Qxe4 35. cxd5 Bxd5 36. Bxd5 Qxd5 37. Bh6 Kh7 38. Be3 Kg8 39.
Bxa7 Rc4 40. Be3 Rxa4 41. h3 Re4 42. Qf3 Re5 43. Qxd5 Rxd5 44. Rb1 b5 45. Kg1 f5 46.
Kf2 Kf7 47. Ke2 Ke6 48. Rb2 Kd7 49. Kf3 Kc6 50. Rb1 Rd3 51. Rc1+ Kd5 52. Rc7 b4 53.
Ke2 Ra3 54. Bd2 b3 55. Rb7 Kc4 56. Rb4+ Kc5 57. Rb8 Kc4 58. Rc8+ Kd5 59. Rb8 Kc4 60. Rb7 Ra2 61. Rb4+ Kd5 62. Rxb3 Ra4 63. Rd3+ Ke6 64. Re3+ Re4 65. Rxe4+ fxe4 66. Ke3 d5 67. Kf4 Kf6 68. Bc3+ Ke6 69. Bd4 Kf7 70. Ke5 g5 71. g4 Kg6 72. Kxd5 e3 73. Bxe3 1-0

[Event "Late-Titled-Tuesday-Blitz-October-24-2023"]
[Site "Chess.com"]
[Date "2023.10.24"]
[Round "7"]
[White "cthake"]
[Black "Giorno"]
[Result "0-1"]
[WhiteElo "1936"]
[BlackElo "2531"]
[TimeControl "180+1"]
[EndTime "15:10:01 PDT"]
[Termination "Giorno won by resignation"]

1. e4 g6 2. d4 c6 3. h4 h5 4. Bc4 d5 5. Bd3 dxe4 6. Bxe4 Nf6 7. Bf3 Bg7 8. Ne2 Bg4 9. Bxg4 Nxg4 10. O-O e5 11.
dxe5 Qxh4 0-1

[Event "Late-Titled-Tuesday-Blitz-October-24-2023"]
[Site "Chess.com"]
[Date "2023.10.24"]
[Round "7"]
[White "zivicd"]
[Black "Miguelitro69"]
[Result "1-0"]
[WhiteElo "2140"]
[BlackElo "2277"]
[TimeControl "180+1"]
[EndTime "15:10:05 PDT"]
[Termination "zivicd won by resignation"]

1. c4 e5 2. Nc3 Nf6 3. Nf3 Nc6 4. e3 Qe7 5. Nd5 Nxd5 6. cxd5 Nd8 7. d4 d6 8. dxe5 dxe5 9. Bb5+ c6 10. Ba4 Bg4 11.
dxc6 Qb4+ 12. Bd2 Bxf3 13. gxf3 Qb6 14. cxb7+ 1-0

[Event "Late-Titled-Tuesday-Blitz-October-24-2023"]
[Site "Chess.com"]
[Date "2023.10.24"]
[Round "7"]
[White "taleslascando"]
[Black "expii"]
[Result "1-0"]
[WhiteElo "2017"]
[BlackElo "2214"]
[TimeControl "180+1"]
[EndTime "15:10:08 PDT"]
[Termination "taleslascando won by resignation"]

1. e4 c5 2. Nf3 d6 3. d4 cxd4 4. Nxd4 Nf6 5. Nc3 g6 6. Be2 Bg7 7. O-O O-O 8. Be3 Nc6 9. Nb3 Be6 10. f4 Bxb3 11. axb3 e5 12. f5 a6 13. Bc4 Kh8 14.
g4 Qc7 15. g5 1-0

[Event "Late-Titled-Tuesday-Blitz-October-24-2023"]
[Site "Chess.com"]
[Date "2023.10.24"]
[Round "7"]
[White "pedromartinez91"]
[Black "Elsa167"]
[Result "0-1"]
[WhiteElo "2626"]
[BlackElo "2890"]
[TimeControl "180+1"]
[EndTime "15:10:09 PDT"]
[Termination "Elsa167 won by resignation"]

1. d4 Nf6 2. c4 g6 3. Nc3 Bg7 4. e4 d6 5. Nf3 Bg4 6. Be2 Bxf3 7. Bxf3 e5 8. d5 h5 9. Qb3 Qc8 10. c5 dxc5 11. Be3 Nbd7 12. h3 O-O 13. g4 h4 14. g5 Ne8 15. Bg4 Nd6 16. Bxc5 Nxc5 17. Qc2 Qd8 18. Qd2 Ncxe4 0-1

[Event "Late-Titled-Tuesday-Blitz-October-24-2023"]
[Site "Chess.com"]
[Date "2023.10.24"]
[Round "7"]
[White "whiteglovethief"]
[Black "Road2GM3000"]
[Result "1-0"]
[WhiteElo "2524"]
[BlackElo "2366"]
[TimeControl "180+1"]
[EndTime "15:10:36 PDT"]
[Termination "whiteglovethief won by resignation"]

1. d4 d5 2. c4 c6 3. Nf3 Nf6 4. g3 Bg4 5. Ne5 Bf5 6. Bg2 e6 7.
Nc3 Nbd7 8. O-O Bd6 9. cxd5 cxd5 10. Bf4 Bxe5 11. dxe5 Ne4 12. Bxe4 dxe4 13. Nb5 O-O 14. Rc1 Nb6 15. Qxd8 Rfxd8 16. Nd6 Nd5 17. Rfd1 Rab8 18. Rxd5 exd5 19. Nxf5 Rbc8 20. Ne7+ 1-0

[Event "Late-Titled-Tuesday-Blitz-October-24-2023"]
[Site "Chess.com"]
[Date "2023.10.24"]
[Round "7"]
[White "IMRosen"]
[Black "Lady_Nika"]
[Result "1-0"]
[WhiteElo "2632"]
[BlackElo "2524"]
[TimeControl "180+1"]
[EndTime "15:10:59 PDT"]
[Termination "IMRosen won by resignation"]

1. e4 c5 2. Nc3 e6 3. Nf3 Nc6 4. d4 cxd4 5. Nxd4 a6 6. g3 Qc7 7. Bg2 Nf6 8. O-O Be7 9. h3 O-O 10. Be3 b5 11. a4 b4 12. Na2 a5 13. Nb5 Qe5 14. f4 Qb8 15. e5 Ne8 16. c3 Ba6 17.
Qxd7 Bxb5 18. axb5 Nxe5 19. fxe5 Qxe5 20. Bd4 Qxg3 21.
Qxe7 Rc8 22. b6 Nf6 23. Rxf6 gxf6 24. Qxf6 1-0

[Event "Late-Titled-Tuesday-Blitz-October-24-2023"]
[Site "Chess.com"]
[Date "2023.10.24"]
[Round "7"]
[White "TheMagician"]
[Black "PNEPaul"]
[Result "1-0"]
[WhiteElo "2164"]
[BlackElo "1852"]
[TimeControl "180+1"]
[EndTime "15:11:00 PDT"]
[Termination "TheMagician won by resignation"]

1. c4 a6 2. e4 d6 3. d4 g6 4.
Nc3 h6 5. f3 Bg7 6. Be3 Nd7 7.
Qd2 e5 8. d5 Ne7 9. Bd3 f5 10.
Nge2 f4 11. Bf2 g5 12. O-O-O Nf6 13. Kb1 O-O 14. c5 Bd7 15. Rc1 Qe8 16. Qc2 Rc8 17. Qb3 dxc5 18. d6+ Kh7 19. dxe7 Qxe7 20. Nd5 Nxd5 21.
exd5+ Kh8 22. Bxc5 Qf7 23. Bxf8 Qxf8 24. Be4 Bb5 25.
Nc3 Qe8 26. Nxb5 axb5 27. Rc5 1-0

[Event "Late-Titled-Tuesday-Blitz-October-24-2023"]
[Site "Chess.com"]
[Date "2023.10.24"]
[Round "7"]
[White "UK_23"]
[Black "zajka-molotok"]
[Result "0-1"]
[WhiteElo "2400"]
[BlackElo "2549"]
[TimeControl "180+1"]
[EndTime "15:11:02 PDT"]
[Termination "zajka-molotok won by resignation"]

1. e4 c5 2. Nf3 Nc6 3. Bb5 g6 4. O-O Bg7 5. c3 e5 6. d4 cxd4 7. cxd4 Nxd4 8. Nxd4 exd4 9. Bf4 Ne7 10. e5 Nc6 11. Na3 a6 12. Bd3 b5 13. Re1 O-O 14.
Nc2 Re8 15. Rc1 Bb7 16. Qg4 Nxe5 17. Bxe5 Rxe5 18. Nxd4 Rd5 19. Re4 f5 0-1

[Event "Late-Titled-Tuesday-Blitz-October-24-2023"]
[Site "Chess.com"]
[Date "2023.10.24"]
[Round "7"]
[White "JackRodgers"]
[Black "Andrei_Skvortsov"]
[Result "0-1"]
[WhiteElo "2523"]
[BlackElo "2673"]
[TimeControl "180+1"]
[EndTime "15:11:58 PDT"]
[Termination "Andrei_Skvortsov won by resignation"]

1. d4 g6 2. h4 Nf6 3. Bg5 Bg7 4. e3 d5 5. c4 c6 6. Nc3 Nbd7 7. Be2 h6 8. Bf4 e6 9. h5 g5 10. Bd6 dxc4 11.
a4 a5 12. Nf3 Nd5 13. Bxc4 Nxc3 14. bxc3 Nb6 15. Be5 f6 16. Qd3 Nxc4 17. Qg6+ Kf8 18. Nxg5 Nxe5 19. dxe5 fxg5 20. Rd1 Qe8 0-1

[Event "Late-Titled-Tuesday-Blitz-October-24-2023"]
[Site "Chess.com"]
[Date "2023.10.24"]
[Round "7"]
[White "DanielNaroditsky"]
[Black "MikaelyanArman"]
[Result "1-0"]
[WhiteElo "3202"]
[BlackElo "2915"]
[TimeControl "180+1"]
[EndTime "15:12:12 PDT"]
[Termination "DanielNaroditsky won by resignation"]

1. e4 e5 2. Nf3 Nc6 3. Bb5 a6 4.
Ba4 Nf6 5. Nc3 b5 6. Bb3 Bc5 7. Nd5 d6 8. c3 Bb7 9. d4 exd4 10. cxd4 Bb4+ 11. Nxb4 Nxb4 12. O-O Bxe4 13. Ng5 Bd5 14. Qe1+ Kd7 15. Qxb4 h6 16. Nxf7 1-0

[Event "Late-Titled-Tuesday-Blitz-October-24-2023"]
[Site "Chess.com"]
[Date "2023.10.24"]
[Round "7"]
[White "Chempiblinka"]
[Black "Bala-Afiada"]
[Result "1-0"]
[WhiteElo "2321"]
[BlackElo "1848"]
[TimeControl "180+1"]
[EndTime "15:12:37 PDT"]
[Termination "Chempiblinka won by resignation"]

1. Nf3 d5 2. g3 Nf6 3. Bg2 c5 4. c4 e6 5. O-O Nc6 6. d4 Be7 7. Nc3 O-O 8. cxd5 exd5 9. Bg5 cxd4 10. Nxd4 h6 11. Bf4 a6 12. Rc1 Be6 13. e4 dxe4 14.
Nxe6 fxe6 15. Qb3 Nd5 16. Rfd1 Qc8 17. Nxd5 exd5 18. Rxd5 Kh8 19. Bxe4 Qe6 20. Bg2 Qg6 21. Qxb7 Rab8 22. Bxb8 1-0

[Event "Late-Titled-Tuesday-Blitz-October-24-2023"]
[Site "Chess.com"]
[Date "2023.10.24"]
[Round "7"]
[White "RCone"]
[Black "The_Sherman_Variation"]
[Result "0-1"]
[WhiteElo "2413"]
[BlackElo "2573"]
[TimeControl "180+1"]
[EndTime "15:12:53 PDT"]
[Termination "The_Sherman_Variation won on time"]

1. e4 e6 2. d4 d5 3. e5 c5 4. c3 Nc6 5. Nf3 Nh6 6. Bd3 cxd4 7. cxd4 Nf5 8. Be3 Be7 9. O-O g5 10. h3 h5 11. Be2 g4 12. Nh2 gxh3 13. gxh3 Bg5 14.
Qd2 Bxe3 15. fxe3 Qd7 16. Nc3 Qe7 17. Kh1 Ng3+ 18. Kg2 Nxf1 19. Bxf1 Bd7 20. Kh1 O-O-O 21. Rc1 Kb8 22. Na4 f6 23. exf6 Qxf6 24. Nc5 Bc8 25. Bg2 Rhg8 26. Nf3 Rdf8 27. Qe2 e5 28. dxe5 Nxe5 29.
Nxe5 Qxe5 30. Nd3 Qg3 31. Nf4 Rxf4 32. exf4 Bxh3 33. Rg1 Bxg2+ 34. Rxg2 Qxg2+ 35. Qxg2 Rxg2 36. Kxg2 Kc7 37. Kg3 Kd6 38. Kh4 d4 39. Kxh5 d3 40.
f5 d2 41. f6 d1=Q+ 42. Kg6 Qg4+ 43. Kh7 Ke6 44. f7 Kxf7 0-1

[Event "Late-Titled-Tuesday-Blitz-October-24-2023"]
[Site "Chess.com"]
[Date "2023.10.24"]
[Round "7"]
[White "lluiss"]
[Black "Nikita_Klepikov"]
[Result "0-1"]
[WhiteElo "2215"]
[BlackElo "2357"]
[TimeControl "180+1"]
[EndTime "15:13:02 PDT"]
[Termination "Nikita_Klepikov won by resignation"]

1. Nf3 Nf6 2. d4 d6 3. g3 g6 4. Bg2 Bg7 5. O-O O-O 6. c4 Nbd7 7. Nc3 e5 8. h3 Re8 9. Re1 exd4 10. Nxd4 Nc5 11. e4 h6 12. b3 Ne6 13. Nde2 Ng5 14. Nf4 Nfxe4 15. Nxe4 Bxa1 16. Nxg5 Rxe1+ 17. Qxe1 hxg5 18. Nd5 c6 19. Bd2 Bg7 20. Nc3 Bf5 21.
Qc1 Bf6 22. Ne4 Bxe4 23. Bxe4 Qe7 24. Bf3 Re8 25. Kg2 Qe5 26. Be3 a6 27. Qa3 Qb2 28. Qa5 Rxe3 0-1

[Event "Late-Titled-Tuesday-Blitz-October-24-2023"]
[Site "Chess.com"]
[Date "2023.10.24"]
[Round "7"]
[White "Drags95"]
[Black "Cryptochess"]
[Result "0-1"]
[WhiteElo "2831"]
[BlackElo "2633"]
[TimeControl "180+1"]
[EndTime "15:13:04 PDT"]
[Termination "Cryptochess won by resignation"]

1. d4 Nf6 2. c4 e6 3. Nf3 d5 4. Nc3 Be7 5. Bf4 O-O 6. e3 Nbd7 7. c5 c6 8. b4 b6 9. h4 a5 10. b5 Bb7 11. cxb6 Nxb6 12. Bd3 Bb4 13. Qb3 Na4 14. Qxa4 Bxc3+ 15. Ke2 Bxa1 16. bxc6 Qe8 17. Ne5 Bc3 18. g4 Bb4 19. g5 Ne4 20. Qc2 Ba6 21. f3 Nc3+ 22. Kf2 Bxd3 23. Qxd3 f6 24. gxf6 gxf6 25. Rg1+ Kh8 26. Ng6+ hxg6 27. Rxg6 Ne4+ 0-1

[Event "Late-Titled-Tuesday-Blitz-October-24-2023"]
[Site "Chess.com"]
[Date "2023.10.24"]
[Round "7"]
[White "TanitoluwaAps116"]
[Black "pooh2012"]
[Result "1-0"]
[WhiteElo "2659"]
[BlackElo "2478"]
[TimeControl "180+1"]
[EndTime "15:13:08 PDT"]
[Termination "TanitoluwaAps116 won by resignation"]

1. e4 c6 2. d4 d5 3. exd5 cxd5 4.
Bd3 Nc6 5. c3 Qc7 6. Ne2 Bg4 7.
O-O e6 8. Qe1 Bxe2 9. Qxe2 Bd6 10. f4 Nge7 11. g3 O-O 12. Nd2 Rae8 13. Nf3 Ng6 14.
Bd2 f6 15. Rae1 e5 16. fxe5 fxe5 17. Ng5 e4 18. Qh5 h6 19. Nxe4 dxe4 20. Qxg6 Rxf1+ 21. Rxf1 1-0

[Event "Late-Titled-Tuesday-Blitz-October-24-2023"]
[Site "Chess.com"]
[Date "2023.10.24"]
[Round "7"]
[White "rockstar0902"]
[Black "mishanick"]
[Result "0-1"]
[WhiteElo "2682"]
[BlackElo "3050"]
[TimeControl "180+1"]
[EndTime "15:13:15 PDT"]
[Termination "mishanick won by resignation"]

1. c4 e5 2. Nc3 Nf6 3. Nf3 Nc6 4. e4 Bb4 5. d3 d6 6. a3 Ba5 7. b4 Bb6 8. Be3 Nd4 9. Be2 Nxf3+ 10. Bxf3 Bxe3 11.
fxe3 O-O 12. O-O Be6 13. Qd2 c6 14. a4 Qe7 15. a5 a6 16. Bd1 g6 17. Bb3 Kg7 18. d4 Rad8 19. Qf2 Ng4 20. Qg3 h5 21. h3 h4 22. Qf3 Nf6 23. d5 Bc8 24. c5 Nh5 25.
Na4 Ng3 26. Rf2 f5 27. exf5 Rxf5 28. Qd1 Rxf2 29. Kxf2 Qg5 30. Qd3 Bf5 31. Qc4 Ne4+ 32. Kg1 Qxe3+ 33. Kh1 Nf2+ 34. Kh2 Qg3+ 35. Kg1 Nxh3+ 36.
Kh1 Nf2+ 37. Kg1 h3 0-1

[Event "Late-Titled-Tuesday-Blitz-October-24-2023"]
[Site "Chess.com"]
[Date "2023.10.24"]
[Round "7"]
[White "biostatistician"]
[Black "szachmistrz2500"]
[Result "1-0"]
[WhiteElo "2593"]
[BlackElo "2421"]
[TimeControl "180+1"]
[EndTime "15:13:18 PDT"]
[Termination "biostatistician won by resignation"]

1. d4 Nf6 2. Nf3 d5 3. c4 e6 4.
Nc3 Bb4 5. e3 O-O 6. Bd3 Nbd7 7.
O-O b6 8. cxd5 exd5 9. Qa4 Be7 10. Qc6 Rb8 11. Nxd5 Bb7 12. Nxe7+ Qxe7 13. Qxc7 Rfe8 14.
Qg3 Ne4 15. Qh3 Rbc8 16. Bd2 Nxd2 17. Nxd2 Nf6 18. Rac1 Qb4 19. Nb3 a5 20. Rxc8 Rxc8 21. Bf5 Rc4 22. Qg3 Qf8 23. Nd2 Rb4 24. b3 g6 25. Bd3 a4 26. Qc7 axb3 27. axb3 Bd5 28.
Qc3 h5 29. e4 Be6 30. d5 Bd7 31. Qxf6 1-0

[Event "Late-Titled-Tuesday-Blitz-October-24-2023"]
[Site "Chess.com"]
[Date "2023.10.24"]
[Round "7"]
[White "BeanScreen"]
[Black "Mikhail_Golubev"]
[Result "1-0"]
[WhiteElo "2718"]
[BlackElo "2563"]
[TimeControl "180+1"]
[EndTime "15:13:32 PDT"]
[Termination "BeanScreen won on time"]

1. e4 c5 2. Nf3 d6 3. d4 cxd4 4. Nxd4 Nf6 5. Nc3 g6 6. Be3 Bg7 7. f3 Nc6 8. Qd2 O-O 9. g4 Ne5 10. O-O-O Be6 11. Nxe6 fxe6 12. Be2 Qc8 13. Rhe1 Nc4 14.
Bxc4 Qxc4 15. Bd4 Rac8 16. e5 Nd5 17. b3 Qa6 18. Nxd5 exd5 19. exd6 Bxd4 20. Qxd4 Qxd6 21.
Qxd5+ Qxd5 22. Rxd5 Rxf3 23. Rxe7 Rf2 24. Rd2 Rxd2 25.
Kxd2 Rb8 26. c4 h6 27. b4 a6 28. Kc3 b6 29. Ra7 a5 30. bxa5 bxa5 31. c5 Rf8 32. Kc4 Rf4+ 33. Kb5 Rxg4 34. c6 Rb4+ 35. Kxa5 Rb2 36. a4 1-0

[Event "Late-Titled-Tuesday-Blitz-October-24-2023"]
[Site "Chess.com"]
[Date "2023.10.24"]
[Round "7"]
[White "scandalgod"]
[Black "YellowJacek"]
[Result "0-1"]
[WhiteElo "2502"]
[BlackElo "2328"]
[TimeControl "180+1"]
[EndTime "15:13:34 PDT"]
[Termination "YellowJacek won by resignation"]

1. d4 Nf6 2. c4 g6 3. Nc3 d5 4. cxd5 Nxd5 5. e4 Nxc3 6. bxc3 Bg7 7. Be3 O-O 8. Qd2 c5 9. Nf3 Nc6 10. d5 Ne5 11. Nxe5 Bxe5 12. Be2 Qa5 13. Rc1 b6 14. h4 Bg7 15. h5 Ba6 16. hxg6 fxg6 17. c4 Qxd2+ 18.
Kxd2 Rad8 19. Bg4 Bc8 20. Bf3 Be5 21. Kc2 Bf4 22. Rhe1 Kg7 23. Rcd1 Bxe3 24. Rxe3 e5 25. Kc3 Rd6 26. Ree1 g5 27. Rd2 g4 28. Bd1 h5 29. a4 a5 30. f3 Kg6 31. Rh1 Kg5 32.
Rf2 g3 33. Rb2 h4 34. Be2 Rff6 35. Rhb1 Rh6 36. Kd3 Bd7 37. Bd1 Kf4 38. Ra1 Rdg6 39. Raa2 h3 40. gxh3 Bxh3 41. Rg2 Bxg2 42. Rxg2 Rh2 43.
Rg1 g2 0-1

[Event "Late-Titled-Tuesday-Blitz-October-24-2023"]
[Site "Chess.com"]
[Date "2023.10.24"]
[Round "7"]
[White "SpeedofLight0"]
[Black "nochewycandy"]
[Result "1-0"]
[WhiteElo "2975"]
[BlackElo "2776"]
[TimeControl "180+1"]
[EndTime "15:13:41 PDT"]
[Termination "SpeedofLight0 won on time"]

1. d4 d5 2. Bf4 c5 3. e3 Nc6 4. Nf3 Bg4 5. Nbd2 cxd4 6. exd4 e6 7.
c3 Bd6 8. Bxd6 Qxd6 9. Qb3 Nge7 10. Bd3 O-O 11. O-O Bh5 12. Rfe1 Bg6 13. Bf1 Rab8 14.
a4 a6 15. a5 f6 16. c4 Kh8 17. Qc3 Bf7 18. Nb3 Rfc8 19. Nc5 Nxd4 20. Nxd4 Rxc5 21. b4 Rcc8 22. c5 Qd7 23. Qh3 f5 24.
Qg3 Ng6 25. h4 e5 26. Nf3 f4 27. Qh2 e4 28. Nd4 Qg4 29. h5 Ne5 30. h6 gxh6 31. Qxh6 Rg8 32. Qf6+ Qg7 33. Qxf4 Rbf8 34. Ra3 Ng6 35.
Qd2 Qe5 36. Rh3 Nf4 37. Rh2 Rg7 38. g3 Ng6 39. Nf3 Qf6 40. Ng5 Bg8 41. Rh5 Ne5 42. Bg2 Ng4 43. Rf1 h6 44. Nh3 Ne5 45. Nf4 Bf7 46.
Nxd5 1-0

[Event "Late-Titled-Tuesday-Blitz-October-24-2023"]
[Site "Chess.com"]
[Date "2023.10.24"]
[Round "7"]
[White "Tonychess32"]
[Black "rychessmaster1"]
[Result "1-0"]
[WhiteElo "2545"]
[BlackElo "2675"]
[TimeControl "180+1"]
[EndTime "15:13:41 PDT"]
[Termination "Tonychess32 won by resignation"]

1. e4 c6 2. d4 d5 3. e5 c5 4. c3 Nc6 5. Nf3 cxd4 6. cxd4 Bg4 7. Be2 e6 8. Nc3 Nge7 9. Be3 Qb6 10. O-O Nf5 11. Na4 Qd8 12. Rc1 Bxf3 13. Bxf3 Be7 14. Bg4 g6 15. Bxf5 gxf5 16. Nc5 Bxc5 17. Rxc5 Rg8 18.
Qh5 Qe7 19. Rfc1 Rg6 20. b4 a6 21. a4 Rg4 22. Qxh7 Kd7 23. b5 axb5 24. axb5 Rh4 25.
bxc6+ bxc6 26. Qg7 Rg4 27. Qh6 Rag8 28. g3 R8g6 29. Qh3 f4 30. Rxc6 Qd8 31. Rd6+ 1-0